 Dungeon Crawl Stone Soup version 0.31-a0-365-gcf821cafb2 (webtiles) character file.

Game seed: 13485324581447284226

195905 Strat the Slayer (level 18, -11/221 HPs)
             Began as an Ogre Ice Elementalist on July 24, 2023.
             Was a Priest of Ashenzari.
             Mangled by a spriggan defender simulacrum (36 damage)
             ... on level 2 of the Spider Nest on July 27, 2023.
             The game lasted 02:37:56 (43058 turns).

Strat the Slayer (Ogre Ice Elementalist)           Turns: 43058, Time: 02:37:57

Health: -11/221    AC: 15    Str: 17    XL:     18   Next: 35%
Magic:  38/38      EV:  9    Int: 22    God:    Ashenzari [***...]
Gold:   4478       SH: 10    Dex: 11    Spells: 15/49 levels left

rFire   . . .        a - +9 spear "Jopp" {flame, Dex+2}
rCold   . . .        U - +0 kite shield
rNeg    + + .        J - +0 acid dragon scales
rPois   .            R - +2 hat "Lashed Prison" {Will+ Regen+, Self, Cun} (curse)
rElec   .            s - +1 cloak "Circumscribed Together" {Elem, Fort} (curse)
rCorr   +            (gloves unavailable)
SInv    +            (boots unavailable)
Will    +++..        y - amulet of Supernal Knowledge {RegenMP, Elem, Cun} (curse)
Stlth   ++           K - ring of Doeruheq {Wiz Fly rN++}
HPRegen 1.36/turn    e - ring "Ruined Secrets" {Will+ AC+4 Slay+2, Cun, Melee} (curse)
MPRegen 0.66/turn

%: clarity, wizardry (x1)
@: about to teleport, flying
A: large, unfitting armour, tough skin 1
}: 1/15 runes: decaying
a: Renounce Religion, Curse Item, Shatter the Chains


You were on level 2 of the Spider Nest.
You worshipped Ashenzari.
Ashenzari was most pleased with you.
You visited 6 branches of the dungeon, and saw 30 of its levels.
You also visited: Sewer and Gauntlet.

You collected 4898 gold pieces.
You spent 420 gold pieces at shops.

Inventory:

Hand Weapons
 a - the +9 spear "Jopp" (weapon) {flame, Dex+2}
   (You found it on level 5 of the Dungeon)

   Dex:       It affects your dexterity (+2).
 b - a +5 sling of flaming
Missiles
 B - 16 javelins
 H - 8 curare-tipped darts
 N - 4 throwing nets
 P - 25 large rocks
Armour
 s - the cursed +1 cloak "Circumscribed Together" (worn) {Elem, Fort}
   (You found it on level 3 of the Dungeon)

   It has a curse which improves the following skills: Elements: Fire Magic, Ice
   Magic, Air Magic and Earth Magic.
   Fortitude: Armour and Shields.
 J - +0 acid dragon scales (worn)
 R - the cursed +2 hat "Lashed Prison" (worn) {Will+ Regen+, Self, Cun}
   (You acquired it on level 12 of the Dungeon)

   Regen:     It increases your rate of health regeneration.
   Will:      It increases your willpower.
   It has a curse which improves the following skills: Introspection: Fighting
   and Spellcasting.
   Cunning:   Dodging and Stealth.
 U - a +0 kite shield (worn)
Jewellery
 c - a ring of protection from fire
 e - the cursed ring "Ruined Secrets" (right hand) {Will+ AC+4 Slay+2, Cun, Melee}
   (You acquired it on level 3 of the Swamp)

   [ring of protection]

   AC:        It affects your AC (+4).
   Slay:      It affects your accuracy & damage with ranged weapons and melee
   (+2).
   Will:      It increases your willpower.
   It has a curse which improves the following skills: Cunning: Dodging and
   Stealth.
   Melee Combat: Short Blades, Long Blades, Axes, Maces & Flails, Polearms,
   Staves and Unarmed Combat.
 g - a +6 ring of dexterity
 h - a ring of willpower
 j - a ring of ice
 m - an amulet of reflection
 p - a ring of ice
 w - a ring of positive energy
 y - the cursed amulet of Supernal Knowledge (around neck) {RegenMP, Elem, Cun}
   (You found it on level 7 of the Dungeon)

   [amulet of magic regeneration]

   It increases your rate of magic regeneration.
   It has a curse which improves the following skills: Elements: Fire Magic, Ice
   Magic, Air Magic and Earth Magic.
   Cunning:   Dodging and Stealth.
 K - the ring of Doeruheq (left hand) {Wiz Fly rN++}
   (You found it in a Gauntlet)

   [ring of wizardry]

   It improves your spell success rate.
   rN:        It greatly protects you from negative energy.
   Fly:       It grants you flight.
 O - a ring of protection from cold
 V - a ring of ice
Wands
 x - a wand of digging (10)
 z - a wand of polymorph (29)
 E - a wand of mindburst (1)
 F - a wand of flame (74)
 S - a wand of roots (12)
 W - a wand of charming (12)
Scrolls
 f - 3 scrolls of amnesia
 i - a scroll of revelation
 k - 2 scrolls of teleportation
 o - 3 scrolls of enchant weapon
 q - 15 scrolls of identify
 G - 10 scrolls of fog
 I - a scroll of enchant armour
 Q - 2 scrolls of fear
Potions
 d - a potion of haste
 l - 4 potions of lignification
 r - 2 potions of mutation
 v - 6 potions of might
 A - 11 potions of curing
 C - 10 potions of brilliance
 D - 6 potions of berserk rage
 L - 4 potions of attraction
 T - 2 potions of invisibility
 X - 2 potions of ambrosia
Miscellaneous
 t - a phantom mirror
 M - a sack of spiders


   Skills:
 + Level 21.4(22.7) Fighting
 - Level 1.7(3.8) Dodging
 - Level 1.4(3.3) Stealth
 - Level 7.8(9.3) Shields
 - Level 14.6(16.0) Spellcasting
 - Level 10.0 Conjurations
 - Level 2.5(4.3) Fire Magic
 + Level 16.3(18.4) Ice Magic
 - Level 11.9(14.0) Air Magic


You had 15 spell levels left.
You knew the following spells:

 Your Spells              Type           Power      Damage    Failure   Level
a - Freeze                Ice            100%       1d10      0%          1
b - Frozen Ramparts       Ice            100%       1d16      0%          3
c - Ozocubu's Armour      Ice            78%        N/A       0%          3
d - Freezing Cloud        Conj/Ice/Air   34%        6-21      1%          5
e - Ozocubu's Refrigerat  Ice            39%        4d16      1%          7
f - Polar Vortex          Ice            39%        12d5*     86%         9
g - Plasma Beam           Fire/Air       27%        2x1d40    13%         6

Your spell library contained the following spells:

 Spells                   Type           Power      Damage    Failure   Level
 Foxfire                  Conj/Fire      100%       2x1d9     1%          1
 Magic Dart               Conj           100%       1d8       1%          1
 Cigotuvi's Dreadful Rot  Necr/Pois/Air  76%        N/A       1%          2
 Ensorcelled Hibernation  Hex/Ice        100%       N/A       1%          2
 Mephitic Cloud           Conj/Pois/Air  52%        N/A       1%          3
 Swiftness                Air            68%        N/A       1%          3
 Summon Ice Beast         Ice/Summ       55%        N/A       1%          4
 Necrotise                Necr           68%        1d7       4%          1
 Inner Flame              Hex/Fire       27%        N/A       4%          3
 Conjure Ball Lightning   Conj/Air       31%        3x3d10    4%          6
 Call Imp                 Summ           34%        N/A       6%          2
 Passwall                 Tmut/Erth      15%        N/A       6%          2
 Sublimation of Blood     Necr           17%        N/A       6%          2
 Wereblood                Tmut           17%        N/A       6%          2
 Fireball                 Conj/Fire      24%        3d11      6%          5
 Vampiric Draining        Necr           17%        2d7       12%         3
 Simulacrum               Ice/Necr       27%        N/A       13%         6
 Starburst                Conj/Fire      24%        6d8       28%         6
 Leda's Liquefaction      Hex/Erth       9%         N/A       32%         4
 Anguish                  Hex/Necr       8%         N/A       34%         4
 Animate Dead             Necr           17%        N/A       34%         4
 Cause Fear               Hex            8%         N/A       34%         4
 Leda's Unmaking          Conj/Erth      20%        9d4       54%         6
 Lee's Rapid Deconstruct  Erth           9%         3d7*      65%         5
 Agony                    Necr           17%        N/A       67%         5
 Yara's Violent Unravell  Hex/Tmut       8%         3d5       67%         5
 Enfeeble                 Hex            8%         N/A       100%        7
 Haunt                    Necr/Summ      8%         N/A       100%        7
 Summon Hydra             Summ           8%         N/A       100%        7
 Discord                  Hex            8%         N/A       100%        8
 Disjunction              Tloc           8%         N/A       100%        8
 Infestation              Necr           8%         N/A       100%        8
 Dragon's Call            Summ           8%         N/A       100%        9


Dungeon Overview and Level Annotations

Branches:
Dungeon (15/15)            Temple (1/1) D:7            Lair (5/5) D:9
  Swamp (4/4) Lair:2       Spider (3/4) Lair:3        Slime (0/5) Lair:5
    Orc (2/2) D:12            Elf (0/3) Orc:2        Vaults (0/5) D:14
 Depths (0/4) D:15          Sewer (visited)         Gauntlet (visited)

Altars:
Ashenzari
Cheibriados
Dithmenos
Elyvilon
Fedhas
Gozag
Hepliaklqana
Kikubaaqudgha
Makhleb
Nemelex Xobeh
Okawaru
Qazlal
Ru
Sif Muna
Trog
Uskayaw
Vehumet
Wu Jian
Xom
Yredelemnul
Zin
The Shining One
Jiyva

Shops:
D:6 :   D:7 =   Orc:2 (*:((!(((

Annotations:
D:3 Grinder
Lair:4 3 runed translucent doors, Gelion's ghost, journeyman TrSh
Lair:5 1 runed translucent door
Swamp:3 3 runed translucent doors, Mahakala's ghost, adept SpEn; Midn8's ghost, adept HuBr
Spider:1 Roxanne
Spider:2 2 runed translucent doors, Rubb's ghost, adept SpEE


Innate Abilities, Weirdness & Mutations

You are too large for most types of armour.
You have tough skin. (AC +1)


Message History

You miss the spriggan defender simulacrum.
The spriggan defender simulacrum is lightly damaged.
The spriggan defender simulacrum completely resists.
The wall freezes the spriggan defender simulacrum but does no damage.
The spriggan defender simulacrum hits you but does no damage.
The spriggan defender simulacrum completely resists.
The wall freezes the spriggan defender simulacrum but does no damage.
The spriggan defender simulacrum barely misses you.
You hit the spriggan defender simulacrum.
You melt the spriggan defender simulacrum.
The spriggan defender simulacrum is lightly damaged.
The spriggan defender simulacrum completely resists.
The wall freezes the spriggan defender simulacrum but does no damage.
The spriggan defender simulacrum hits you.
The spriggan defender simulacrum freezes you!!!
* * * LOW HITPOINT WARNING * * *
Okay, then.
Your icy armour and frozen ramparts will break if you move.
Continue?
Your icy armour cracks and falls away as you move.
The frozen ramparts melt away as you move.
The spriggan defender simulacrum hits you!
* * * LOW HITPOINT WARNING * * *
The spriggan defender simulacrum freezes you!!!
* * * LOW HITPOINT WARNING * * *
The spriggan defender simulacrum attacks as you move away!
You block the spriggan defender simulacrum's attack.
As you read the scroll of teleportation, it crumbles to dust.
You feel strangely unstable.
You block the spriggan defender simulacrum's attack.
The spriggan defender simulacrum hits you!
* * * LOW HITPOINT WARNING * * *
The spriggan defender simulacrum freezes you!!!
* * * LOW HITPOINT WARNING * * *
You feel better.
The spriggan defender simulacrum barely misses you.
You feel better.
The spriggan defender simulacrum hits you!
* * * LOW HITPOINT WARNING * * *
The spriggan defender simulacrum freezes you!!!
You die...

#≈~.#..##....#....#.#*...
##.#(^.....#..##.#..#....
#..^#.#..#.....^.#..#..##
##.#.####...#..#...^#....
#.........##.#..##^...###
##.##.##.###.##....#.....
###.##...#......#....####.
####..#...#Z#.###.#..##..#...
##≈#.....#..#@.....^#..##.#.#.
#≈≈~....##....##..#..#........
##≈####.........##.<#.#...#.#>
##....^#........#...#..#.#... ###
#.#.#.####++####.##...#...#.#
#≈###.....##..≈~W≈.#....#...#...#
#~~##.^####~.8.#!(###..#.#..#.##.
#≈..#.##~##.#≈..~≈###...#...^....
≈##....#..##..)$.#.#..#...###.#.#


You could see Rubb's ghost and a spriggan defender simulacrum.

Vanquished Creatures
  Nikola (Swamp:2)
  Rupert (D:13)
  Mlioglotl (Swamp:3)
  Frances (Spider:1)
  Gastronok (Lair:1)
  Aizul (Swamp:3)
  3 thorn hunters
  An orc warlord (Orc:2)
  Louise (Swamp:2)
  5 broodmothers
  A stone giant (D:15)
  5 eleionomae
  A minotaur (Gauntlet)
  2 bunyips (Swamp:4)
  3 spark wasps
  A fire dragon (D:15)
  A shambling mangrove (Swamp:4)
  An entropy weaver (Spider:1)
  Erolcha (Orc:2)
  Fannar (D:9)
  13 hydras
  A rakshasa (D:15)
  4 ghost crabs (Swamp:4)
  7 boulder beetles
  A jorogumo (Spider:3)
  Harold (Lair:1)
  5 ogre magi
  4 centaur warriors
  A radroach (Spider:2)
  A merfolk avatar (Lair:5)
  A spriggan air mage (Swamp:1)
  9 alligators
  3 death yaks (Lair:3)
  6 tengu warriors
  A catoblepas (D:14)
  31 two-headed ogres
  Urug (Orc:1)
  A spriggan berserker (Swamp:1)
  A demonic crawler (Spider:1)
  Nergalle (Lair:1)
  6 skeletal warriors
  A sixfirhy (Gauntlet)
  2 skysharks
  6 goliath frogs
  A death drake (Swamp:4)
  3 swamp dragons
  2 spriggan druids
  6 orb spiders
  A flayed ghost (D:14)
  2 spectral hydras (Swamp:4)
  An orc knight (Orc:2)
  8 bog bodies
  A wizard (D:14)
  4 lindwurms (D:13)
  4 steelbarb worms
  3 harpies (Lair:5)
  A deep elf pyromancer (D:14)
  8 ugly things
  11 wolf spiders
  An orc sorcerer (Orc:2)
  8 cyclopes
  6 manticores
  A moth of wrath (Spider:2)
  3 will-o-the-wisps (Swamp:4)
  5 elephants (Lair:5)
  4 black mambas
  4 torpor snails
  2 gargoyles (D:10)
  5 rime drakes
  3 yaktaurs (D:15)
  13 cane toads
  A swamp worm zombie (Swamp:4)
  A kobold demonologist (D:11)
  6 komodo dragons
  A tengu conjurer (D:10)
  An efreet (D:14)
  A freezing wraith (D:15)
  11 trolls
  5 polar bears
  A queen bee (Gauntlet)
  9 tyrant leeches
  2 hydra zombies (Swamp:4)
  14 blink frogs
  14 tarantellas
  7 alligator zombies (Swamp:4)
  2 spectral swamp dragons (Swamp:4)
  13 hornets
  2 snapping turtles (Lair:5)
  11 jumping spiders
  9 spriggans
  15 culicivoras
  2 vampires
  A centaur simulacrum (D:14)
  13 wyverns
  A dire elephant simulacrum (Spider:2)
  51 yaks
  2 water elementals (D:14)
  A wraith (D:11)
  A ynoxinul (Gauntlet)
  3 shadows
  7 basilisks
  21 redbacks
  5 steam dragons
  10 vampire mosquitoes
  2 wargs (Orc:2)
  4 acid dragons
  16 swamp worms
  16 water moccasins
  A meliai simulacrum (D:14)
  22 orc warriors
  4 sky beasts
  A swamp drake (Swamp:2)
  2 black bears
  5 ice beasts
  11 wolves
  3 swamp dragon zombies (Swamp:4)
  27 ogres
  7 centaurs
  7 phantoms
  3 kobold brigands (D:7)
  11 bullfrogs
  5 scorpions
  9 wights
  16 killer bees
  A lindwurm simulacrum (Spider:2)
  5 electric eels
  6 hounds
  12 orc priests
  3 jellies
  Crazy Yiuf (D:3)
  3 iron imps (Gauntlet)
  2 iguanas
  3 sleepcaps
  23 orc wizards
  10 hell rats
  Robin (D:3)
  14 adders
  A gnoll (D:2)
  14 river rats
  2 shadow imps (D:5)
  5 white imps
  3 ufetubi
  A worm (D:2)
  5 dart slugs
  84 orcs
  5 endoplasms
  A giant cockroach (D:1)
  14 hobgoblins
  9 jackals
  9 kobolds
  15 quokkas
  5 ball pythons
  6 bats
  7 frilled lizards
  19 goblins
  22 rats
979 creatures vanquished.

Vanquished Creatures (others)
  A bunyip (Swamp:2)
  2 bloated husks (Swamp:4)
  A swamp worm (Swamp:2)
  12 foxfires (Swamp:4)
16 creatures vanquished.

Grand Total: 995 creatures vanquished

Notes
Turn   | Place    | Note
-------+----------+-------------------------------------------
     0 | D:1      | Strat the Ogre Ice Elementalist began the quest for the
                  | Orb.
     0 | D:1      | Reached XP level 1. HP: 16/16 MP: 3/3
   283 | D:1      | Reached XP level 2. HP: 18/24 MP: 1/5
   601 | D:1      | Reached XP level 3. HP: 31/31 MP: 3/6
  1184 | D:2      | Identified the +0 robe "Siluyd" {rN+}
  1239 | D:2      | Reached skill level 5 in Ice Magic
  1253 | D:2      | Reached XP level 4. HP: 37/39 MP: 7/7
  1307 | D:2      | Learned a level 3 spell: Frozen Ramparts
  1311 | D:2      | Learned a level 3 spell: Ozocubu's Armour
  1455 | D:2      | Reached skill level 1 in Fighting
  1802 | D:3      | Noticed Grinder
  1860 | D:3      | Reached XP level 5. HP: 46/48 MP: 7/9
  2106 | D:3      | Noticed Robin
  2163 | D:3      | Killed Robin
  2258 | D:3      | Found a glowing drain.
  2267 | Sewer    | Entered a sewer
  2291 | Sewer    | Reached skill level 2 in Fighting
  2734 | D:3      | Upgraded the game from 0.31-a0-355-g57cb03d3e8 to
                  | 0.31-a0-358-gac0dbeb3ab
  2788 | D:3      | Paralysed by Grinder for 2 turns
  2880 | D:3      | Reached XP level 6. HP: 59/59 MP: 11/11
  3056 | D:3      | Found a runed translucent door.
  3057 | D:3      | Noticed Crazy Yiuf
  3064 | D:3      | Killed Crazy Yiuf
  3976 | D:4      | Reached skill level 3 in Fighting
  4392 | D:4      | Reached XP level 7. HP: 51/68 MP: 3/13
  4644 | D:5      | Entered Level 5 of the Dungeon
  4652 | D:5      | Reached skill level 4 in Fighting
  4737 | D:5      | Identified the +9 spear "Jopp" {flame, Dex+2}
  4947 | D:5      | Identified a scroll of acquirement
  4947 | D:5      | Acquired 1348 gold pieces
  5298 | D:5      | Reached skill level 5 in Fighting
  5842 | D:5      | Reached XP level 8. HP: 29/80 MP: 10/14
  6764 | D:6      | Reached skill level 6 in Fighting
  6767 | D:6      | Reached skill level 5 in Spellcasting
  6939 | D:6      | Found Siad's Tiny Tomes.
  6944 | D:6      | Bought the Grimoire of Glaciation for 156 gold pieces
  6950 | D:6      | Learned a level 5 spell: Freezing Cloud
  7242 | D:6      | Reached skill level 1 in Conjurations
  7242 | D:6      | Reached skill level 1 in Air Magic
  7635 | D:6      | Reached XP level 9. HP: 84/91 MP: 11/17
  7802 | D:6      | Reached skill level 7 in Fighting
  7958 | D:7      | Found Qila's Jewellery Boutique.
  8428 | D:7      | Found an ancient bone altar of Kikubaaqudgha.
  8687 | D:7      | Found a staircase to the Ecumenical Temple.
  9096 | D:7      | Reached skill level 8 in Fighting
  9550 | D:7      | Noticed a two-headed ogre
  9559 | D:7      | Reached XP level 10. HP: 47/106 MP: 13/20
  9560 | D:7      | Killed a two-headed ogre
  9561 | D:7      | Reached skill level 9 in Fighting
 10422 | Temple   | Entered the Ecumenical Temple
 10427 | Temple   | Became a worshipper of Ashenzari the Shackled
 10634 | D:8      | Reached skill level 5 in Air Magic
 10749 | D:8      | Reached skill level 5 in Conjurations
 10892 | D:8      | Reached skill level 10 in Fighting
 11078 | D:8      | Found a sparkling altar of Nemelex Xobeh.
 11078 | D:8      | Found a blossoming altar of Fedhas.
 11078 | D:8      | Found an ornate altar of the Wu Jian Council.
 11078 | D:8      | Found a snail-covered altar of Cheibriados.
 11084 | D:8      | Found a basalt altar of Yredelemnul.
 11084 | D:8      | Found a radiant altar of Vehumet.
 11086 | D:8      | Found a shimmering blue altar of Sif Muna.
 11086 | D:8      | Found a shimmering altar of Xom.
 11086 | D:8      | Found a glowing silver altar of Zin.
 11264 | D:9      | Noticed a two-headed ogre
 11299 | D:9      | Killed a two-headed ogre
 11859 | D:9      | Found a staircase to the Lair.
 12086 | D:9      | Upgraded the game from 0.31-a0-358-gac0dbeb3ab to
                  | 0.31-a0-360-gb3e1d13bf4
 12097 | D:9      | Reached XP level 11. HP: 65/110 MP: 24/24
 12475 | D:10     | Entered Level 10 of the Dungeon
 12587 | D:10     | Noticed a cyclops
 12588 | D:10     | Noticed a centaur warrior
 12642 | D:10     | Noticed a cyclops
 12642 | D:10     | Noticed a red ugly thing
 12643 | D:10     | HP: 4/112 [cyclops/large rock (30)]
 12929 | D:10     | Killed a red ugly thing
 13931 | D:10     | Found a basalt altar of Yredelemnul.
 14222 | D:10     | Killed a centaur warrior
 14223 | D:10     | Reached skill level 10 in Spellcasting
 14225 | D:10     | Reached skill level 11 in Fighting
 14465 | D:10     | Noticed a boulder beetle
 14494 | D:10     | Killed a boulder beetle
 14734 | D:10     | Found a basalt altar of Yredelemnul.
 14735 | D:10     | Found a stormy altar of Qazlal.
 14736 | D:10     | Found a hazy altar of Hepliaklqana.
 14770 | D:10     | Got the Verses on Bad Luck and the Mortuary
 14783 | D:10     | Noticed a two-headed ogre
 14798 | D:10     | Killed a two-headed ogre
 15101 | D:10     | Killed a cyclops
 15687 | D:10     | Found a bloodstained altar of Trog.
 15969 | D:10     | Killed a cyclops
 16446 | D:11     | Reached XP level 12. HP: 130/131 MP: 23/26
 16527 | D:11     | Noticed a sun demon
 16712 | D:11     | Noticed a two-headed ogre
 16718 | D:11     | Killed a two-headed ogre
 16776 | D:11     | Reached skill level 12 in Fighting
 17387 | D:12     | Reached skill level 10 in Ice Magic
 17642 | D:12     | Reached skill level 13 in Fighting
 17841 | D:12     | Noticed a two-headed ogre
 17992 | D:12     | Killed a two-headed ogre
 18164 | D:12     | Reached skill level 14 in Fighting
 18249 | D:12     | Acquired the +2 hat of Jigsaw {Will+ Regen+}
 18552 | D:12     | Found a staircase to the Orcish Mines.
 19457 | D:13     | Noticed a tengu warrior
 19477 | D:13     | Killed a tengu warrior
 19478 | D:13     | Reached skill level 15 in Fighting
 19531 | D:13     | Found a gate leading to a gauntlet.
 19555 | Gauntlet | Entered a Gauntlet
 19555 | Gauntlet | Found a transporter.
 19555 | Gauntlet | Found a transporter.
 19555 | Gauntlet | Found a transporter.
 19559 | Gauntlet | Found a transporter.
 19559 | Gauntlet | Found a transporter.
 19570 | Gauntlet | Found a transporter.
 19591 | Gauntlet | Found a transporter.
 19591 | Gauntlet | Noticed a death yak
 19593 | Gauntlet | Noticed a death yak
 19593 | Gauntlet | Noticed a death yak
 19594 | Gauntlet | Noticed a death yak
 19613 | Gauntlet | Found a transporter.
 19631 | Gauntlet | Found a transporter.
 19643 | Gauntlet | Found a transporter.
 19661 | Gauntlet | Found a transporter.
 19716 | Gauntlet | Found a transporter.
 19806 | Gauntlet | Identified the ring of Doeruheq {Wiz Fly rN++}
 19918 | Gauntlet | Identified the +1 trident of Context {heavy, Will+ Str+5
                  | Dex-5}
 19918 | Gauntlet | Noticed a minotaur
 19952 | Gauntlet | Killed a minotaur
 19953 | Gauntlet | Reached skill level 16 in Fighting
 20116 | Lair:1   | Entered Level 1 of the Lair of Beasts
 20116 | Lair:1   | Noticed Fannar
 20244 | Lair:1   | Reached XP level 13. HP: 140/152 MP: 21/27
 20266 | Lair:1   | Found a radiant altar of Vehumet.
 20308 | Lair:1   | Noticed Nergalle
 20308 | Lair:1   | Noticed Harold
 20314 | Lair:1   | Reached skill level 1 in Shields
 20315 | Lair:1   | Killed Nergalle
 20317 | Lair:1   | Killed Harold
 20553 | Lair:1   | Noticed Gastronok
 20566 | Lair:1   | Killed Gastronok
 21937 | Lair:2   | Found a staircase to the Swamp.
 22064 | Lair:3   | Reached * piety under Ashenzari
 22107 | Lair:3   | Found a hole to the Spider Nest.
 22204 | Lair:3   | Reached skill level 17 in Fighting
 22763 | Lair:3   | Reached XP level 14. HP: 167/167 MP: 19/30
 22936 | Lair:3   | Reached skill level 5 in Shields
 23347 | Lair:4   | Found a blossoming altar of Fedhas.
 23712 | Lair:4   | Found a runed translucent gate.
 23713 | Lair:4   | Found a runed translucent gate.
 23715 | Lair:4   | Found a runed translucent gate.
 23727 | Lair:4   | Noticed Gelion's ghost (journeyman TrSh)
 24785 | Lair:5   | Entered Level 5 of the Lair of Beasts
 25369 | Lair:5   | Reached skill level 18 in Fighting
 25428 | Lair:5   | Reached ** piety under Ashenzari
 25819 | Lair:5   | Identified the +1 rapier of Famine {freeze, Drain rElec
                  | Str+4 Dex+3}
 26058 | Lair:5   | Reached XP level 15. HP: 160/180 MP: 26/32
 26130 | Lair:5   | Found a runed translucent door.
 26130 | Lair:5   | Found a viscous altar of Jiyva.
 26130 | Lair:5   | Noticed an acid blob
 26131 | Lair:5   | Found a staircase to the Slime Pits.
 26131 | Lair:5   | Noticed an acid blob
 26132 | Lair:5   | Noticed an acid blob
 26480 | D:9      | Killed Fannar
 26596 | Orc:1    | Entered Level 1 of the Orcish Mines
 26643 | Orc:1    | Learned a level 7 spell: Ozocubu's Refrigeration
 26733 | Orc:1    | Noticed Urug
 26752 | Orc:1    | Killed Urug
 26955 | Orc:2    | Entered Level 2 of the Orcish Mines
 26958 | Orc:2    | Noticed an orc warlord
 27528 | Orc:2    | Found Xenaosul's Assorted Antiques.
 27539 | Orc:2    | Found a staircase to the Elven Halls.
 27543 | Orc:2    | Found Leyruos's Weapon Emporium.
 27607 | Orc:2    | Killed an orc warlord
 27707 | Orc:2    | Reached skill level 10 in Conjurations
 27734 | Orc:2    | Found Luequrpha's Book Shoppe.
 28133 | Orc:2    | Found Uploahez's Distillery.
 28133 | Orc:2    | Found Jaablav's Weapon Shoppe.
 28134 | Orc:2    | Found Tioxoy's Weapon Emporium.
 28134 | Orc:2    | Found Piuf's Antique Weapon Boutique.
 28144 | Orc:2    | Reached skill level 19 in Fighting
 28195 | Orc:2    | Bought a potion of heal wounds for 55 gold pieces
 28195 | Orc:2    | Bought a potion of heal wounds for 55 gold pieces
 28195 | Orc:2    | Bought a potion of invisibility for 88 gold pieces
 28195 | Orc:2    | Bought a potion of curing for 33 gold pieces
 28195 | Orc:2    | Bought a potion of curing for 33 gold pieces
 28205 | Orc:2    | Noticed Erolcha
 28260 | Orc:2    | Killed Erolcha
 28378 | Orc:2    | Found Gutoide Xaenk's Weapon Shoppe.
 28387 | Orc:2    | Found Faicvos's Antique Weapon Emporium.
 28933 | D:13     | Noticed Rupert
 28944 | D:13     | Killed Rupert
 29088 | D:13     | Identified the +3 scimitar of Truncation {heavy, *Corrode
                  | rPois rC++ Will+}
 29088 | D:13     | Identified the +0 falchion "Ediz" {distort, rPois Str+5}
 29798 | D:14     | Reached XP level 16. HP: 182/195 MP: 27/35
 30440 | D:14     | Found a shadowy altar of Dithmenos.
 30591 | D:14     | Reached skill level 20 in Fighting
 30846 | D:14     | You are sucked into a shaft and drop 1 floor!
 30846 | D:15     | Entered Level 15 of the Dungeon
 30955 | D:15     | Learned a level 9 spell: Polar Vortex
 30962 | D:15     | Learned a level 6 spell: Plasma Beam
 31077 | D:15     | Reached skill level 1 in Fire Magic
 31963 | D:15     | Found a staircase to the Depths.
 32597 | D:14     | Reached skill level 10 in Air Magic
 32949 | D:14     | Found a gate to the Vaults.
 33135 | Swamp:1  | Entered Level 1 of the Swamp
 33255 | Swamp:1  | Noticed a thorn hunter
 33277 | Swamp:1  | Killed a thorn hunter
 34038 | Swamp:1  | Paralysed by a hornet for 3 turns
 34133 | Swamp:1  | You are sucked into a shaft and drop 1 floor!
 34133 | Swamp:2  | Noticed Nikola
 34139 | Swamp:2  | Noticed Louise
 34789 | Swamp:2  | Killed Louise
 34790 | Swamp:2  | Reached XP level 17. HP: 205/205 MP: 18/36
 35346 | Swamp:2  | Identified the +5 spear of Powerful Prudence {heavy, rF-
                  | Int+6 Stlth+}
 35468 | Swamp:2  | Killed Nikola
 35657 | Swamp:3  | Noticed Mlioglotl
 35815 | Swamp:3  | Killed Mlioglotl
 36655 | Swamp:3  | Found a runed translucent gate.
 36656 | Swamp:3  | Found a runed translucent gate.
 36660 | Swamp:3  | Noticed Aizul
 36669 | Swamp:3  | Killed Aizul
 36775 | Swamp:3  | Found a runed translucent gate.
 36779 | Swamp:3  | Noticed Midn8's ghost (adept HuBr)
 36779 | Swamp:3  | Noticed Mahakala's ghost (adept SpEn)
 36934 | Swamp:3  | Acquired the ring of Ganluoqats {Will+ AC+4 Slay+2}
 36938 | Swamp:3  | Reached *** piety under Ashenzari
 36951 | Swamp:4  | Entered Level 4 of the Swamp
 39223 | Swamp:4  | Reached skill level 15 in Ice Magic
 40040 | Swamp:4  | Noticed a bone dragon
 40057 | Swamp:4  | Got a decaying rune of Zot
 40265 | Spider:1 | Entered Level 1 of the Spider Nest
 40309 | Spider:1 | Noticed Frances
 40315 | Spider:1 | Killed Frances
 40602 | Spider:1 | Noticed Roxanne
 41183 | Spider:1 | Reached XP level 18. HP: 215/218 MP: 20/38
 41677 | Spider:1 | Upgraded the game from 0.31-a0-360-gb3e1d13bf4 to
                  | 0.31-a0-365-gcf821cafb2
 41918 | Spider:2 | Reached skill level 21 in Fighting
 41928 | Spider:2 | Found a large runed translucent door.
 41928 | Spider:2 | Found a large runed translucent door.
 41929 | Spider:2 | Noticed Rubb's ghost (adept SpEE)
 43058 | Spider:2 | Mangled by a spriggan defender simulacrum

Illustrated notes

Levels and vault maps discovered:
D:1:      minmay_arrival_split_and_join, layout_rooms, serial_forest,
          infiniplex_forest_zigzag_2, infiniplex_forest_zigzag_2,
          infiniplex_forest_clump_medium, infiniplex_forest_lined_ring,
          infiniplex_forest_clump_long, bh_walls_and_bars
D:2:      minmay_spotlight, layout_rooms
D:3:      layout_loops_ring, portal_sewer_entry_d, uniq_grinder,
          uniq_crazy_yiuf_cottage, uniq_robin
D:4:      layout_cave_pods
D:5:      layout_loops_corners
D:6:      layout_basic, nicolae_shop_i_like_small_books_too
D:7:      kennysheep_windowed_halls, layout_basic,
          mainiacjoe_overflow_tiny_flanked, minmay_temple_entry_from_below_a,
          serial_shops, nicolae_stop_n_shop_1
D:8:      layout_basic, nicolae_overflows_in_rows, nicolae_hexahallways,
          minmay_misc_feat_square, eino_jars
D:9:      layout_loops_cross, lair_entry_dummy, enter_bailey_3,
          dk_noncrumbling_2
D:10:     minmay_the_grid_octo_tiled_octocenter
          [minmay_the_grid_octo_concentric, minmay_the_grid_octo_shrine,
          minmay_the_grid_octo_checkerflower,
          minmay_the_grid_octo_thin_diamonds,
          minmay_the_grid_octo_prize_square_snowflake,
          minmay_the_grid_square_5x5_fat_x,
          minmay_the_grid_square_5x5_doubleslash,
          minmay_the_grid_square_5x5_detours,
          minmay_the_grid_square_5x5_misaligned], layout_basic,
          kennysheep_little_box, chequers_serial_rivers_room_a
D:11:     layout_irregular_city
D:12:     layout_layer_cave, hiddenorc1_lemuel
D:13:     layout_basic, gauntlet_entry_generic, minmay_lindwurm_lava,
          uniq_rupert
D:14:     hangedman_arrow_trap, layout_basic, erik_vaults_1, serial_ice,
          serial_ice_a, serial_ice_b, serial_ice_g, serial_ice_j, serial_ice_d,
          serial_ice_e, nicolae_dithmenos_shadow_blocks
D:15:     grunt_enter_depths_snipers, layout_loops_ring,
          nicolae_cairo_tiling_large
Temple:   minmay_freezing_vapour_temple
Lair:1:   layout_hall_layers, basic_altar, serial_bayou_pond_a, uniq_nergalle,
          uniq_fannar, uniq_harold, uniq_gastronok
Lair:2:   layout_loops_ring, nicolae_swamp_entry_splash_gauntlet
Lair:3:   lemuel_ratsnest, layout_regular_city,
          hellmonk_spider_entry_life_and_decay, beast_lair_carwin_4,
          infiniplex_staircase_pool, lemuel_fruit_fields, lemuel_fruit_fields
Lair:4:   layout_cellular_growth, special_room [special_room_mythical_zoo],
          basic_altar, maelrawn_ghost_gauntlet_escape, grunt_megastairs_1
Lair:5:   gammafunk_lair_ancient_temple, layout_gridlike, slime_entry_2
Swamp:1:  cheibrodos_swamp_tower_of_moss, layout_falls_marsh,
          evilmike_swamp_ruin_house_6
Swamp:2:  layout_basic_swamp, evilmike_swamp_ruin_house_3, uniq_louise,
          uniq_nikola
Swamp:3:  layout_basic_swamp, gammafunk_ghost_cemetery,
          nicolae_swamp_little_swirl, uniq_aizul, uniq_mlioglotl
Swamp:4:  swamp_pestilence, layout_basic_swamp
Spider:1: nicolae_spider_brood_tunnel, uniq_frances, uniq_roxanne
Spider:2: layout_spider_delve, portal_ice_cave_entry_ice_simulacra,
          ebering_ghost_disaster_area
Spider:3: gammafunk_sealed_arena, nicolae_spider_rock_and_or_roll
Orc:1:    layout_caves, ebering_ghost_disaster_area, uniq_urug
Orc:2:    st_orc_ogre_mass, layout_caves, serial_shops, shop,
          nicolae_shop_advertising_works [nicolae_subvault_shop_adworks], shop,
          shop, shop, mines2_david, uniq_erolcha

Skill      XL: |  1  2  3  4  5  6  7  8  9 10 11 12 13 14 15 16 17 18 |
---------------+-------------------------------------------------------+-----
Ice Magic      | 4 5 6 7 8 9 10 11 13 15 16 | 16.3
Fighting       | 1 2 3 5 6 8 10 11 16 17 18 19 20 21 | 21.4
Spellcasting   | 3 4 5 7 9 10 11 12 14 | 14.6
Conjurations   | 1 3 5 6 7 8 9 10 | 10.0
Air Magic      | 1 3 5 6 7 8 9 11 | 11.9
Shields        | 4 7 |  7.8
Fire Magic     | 2 |  2.5
Dodging        | |  1.7
Stealth        | |  1.4

Action                     |  1- 3 |  4- 6 |  7- 9 | 10-12 | 13-15 | 16-18 || total
---------------------------+-------+-------+-------+-------+-------+-------++-------
  Melee: Unarmed           |    19 |       |       |       |       |       ||    19
         Dagger            |     2 |       |       |       |       |       ||     2
         Spear             |       |       |   145 |   213 |   471 |   436 ||  1265
         Punch             |       |       |     2 |     3 |       |       ||     5
   Fire: Sling             |    22 |   145 |    47 |       |       |       ||   214
  Throw: Boomerang         |     5 |       |       |       |       |       ||     5
   Cast: Freeze            |    41 |    45 |     9 |    45 |    51 |    30 ||   221
         Frozen Ramparts   |       |    15 |    36 |    63 |    88 |    51 ||   253
         Ozocubu's Armour  |       |     1 |    12 |     7 |     7 |    11 ||    38
         Freezing Cloud    |       |       |       |    56 |   232 |   281 ||   569
         Ozocubu's Refrige |       |       |       |       |       |   127 ||   127
         Plasma Beam       |       |       |       |       |       |    13 ||    13
 Invoke: Curse Item        |       |       |       |       |     3 |     1 ||     4
  Evoke: Wand              |       |       |     2 |    26 |    16 |    20 ||    64
    Use: Scroll            |       |       |    15 |    22 |     6 |    14 ||    57
         Potion            |       |       |     3 |     4 |     4 |    19 ||    30
   Stab: Sleeping          |     1 |       |     3 |     2 |     1 |       ||     7
         Distracted        |       |       |       |     1 |     1 |       ||     2
         Invisible         |       |       |       |       |       |     1 ||     1
 Armour: Robe              |    19 |    33 |    43 |       |       |       ||    95
         Steam dragon scal |       |       |     4 |   125 |    77 |       ||   206
         Skin              |       |       |     1 |       |       |       ||     1
         Acid dragon scale |       |       |       |       |    39 |   336 ||   375
  Dodge: Dodged            |    34 |    47 |    76 |   151 |   180 |   258 ||   746
  Block: Kite shield       |       |       |       |       |   266 |   336 ||   602

Table legend: (Time is in decaauts)
 A = Elapsed time spent in this place.
 B = Non-inter-level travel time spent in this place.
 C = Inter-level travel time spent in this place.
 D = Time resting spent in this place.
 E = Time spent auto-exploring this place.
 F = Levels seen in this place.
 G = Mean time per level.
                   A        B        C        D        E       F      G
               +--------+--------+--------+--------+--------+-----+--------+
         Total |  43406 |  41353 |   2053 |  11609 |  19138 |  32 | 1356.4 |
       Dungeon |  23912 |  22917 |    995 |   6789 |  11382 |  15 | 1594.1 |
        Temple |     10 |      2 |      8 |      0 |      0 |   1 |   10.0 |
          Lair |   6423 |   6028 |    395 |    754 |   3605 |   5 | 1284.6 |
         Swamp |   7079 |   6754 |    325 |   2884 |   1795 |   4 | 1769.8 |
   Spider Nest |   2829 |   2712 |    117 |    772 |   1016 |   3 |  943.0 |
  Orcish Mines |   2222 |   2011 |    211 |    333 |    848 |   2 | 1111.0 |
         Sewer |    480 |    480 |      0 |      9 |    361 |   1 |  480.0 |
      Gauntlet |    447 |    447 |      0 |     68 |    130 |   1 |  447.0 |
               +--------+--------+--------+--------+--------+-----+--------+

Top non-repeatable levels by time:
    D:10: 3733 daAuts
 Swamp:4: 2809 daAuts
     D:7: 2193 daAuts
    D:12: 2040 daAuts
     D:6: 1778 daAuts
 Swamp:1: 1763 daAuts
    D:14: 1645 daAuts
 Swamp:3: 1614 daAuts
Spider:1: 1590 daAuts
    D:13: 1558 daAuts
  Lair:4: 1553 daAuts
    D:15: 1465 daAuts
     D:5: 1454 daAuts
  Lair:5: 1448 daAuts
     D:9: 1363 daAuts
